 Dungeon Crawl Stone Soup version 0.22.0-60-ga52c2fc (webtiles) character file.

263 suicidejoker the Chopper (level 5, -1/50 HPs)
             Began as a Deep Dwarf Fighter on Sept 10, 2018.
             Was an Initiate of Makhleb.
             Slain by an ogre
             ... wielding a +0 giant club
              (19 damage)
             ... on level 4 of the Dungeon.
             The game lasted 00:05:33 (3119 turns).

suicidejoker the Chopper (Deep Dwarf Fighter)       Turns: 3119, Time: 00:05:34

Health: -1/50      AC:  8    Str: 17 (19) XL:     5   Next: 97%
Magic:  5/5        EV:  7    Int:  7 (9)  God:    Makhleb [......]
Gold:   194        SH:  9    Dex: 13      Spells: 4/4 levels left

rFire    . . .     SeeInvis .   a - +0 war axe
rCold    . . .     Gourm    .   c - +0 shield
rNeg     . . .     Faith    .   b - +0 scale mail
rPois    .         Spirit   .   g - +1 hat
rElec    .         Reflect  .   (no cloak)
rCorr    .         Harm     .   (no gloves)
MR       .....                  (no boots)
Stlth    +.........             (no amulet)
HPRegen  0.00/turn              n - ring of stealth
MPRegen  0.09/turn              q - ring of flight

@: non-regenerating
A: damage resistance, heal wounds, sense surroundings 1, no regeneration
a: Heal Wounds, Renounce Religion, Evoke Flight


You were on level 4 of the Dungeon.
You worshipped Makhleb.
Makhleb was noncommittal.
You were not hungry.

You visited 2 branches of the dungeon, and saw 5 of its levels.

You collected 194 gold pieces.

Inventory:

Hand Weapons
 a - a +0 war axe (weapon)
 p - a +2 dagger of venom
Missiles
 r - 61 bolts
 s - 61 arrows
 A - 163 stones (quivered)
Armour
 b - a +0 scale mail (worn)
 c - a +0 shield (worn)
 g - a +1 hat (worn)
Jewellery
 n - a ring of stealth (left hand)
 q - a ring of flight (right hand)
Wands
 z - a wand of iceblast (14)
Scrolls
 e - 2 scrolls of blinking
 i - a scroll of enchant weapon {unknown}
 j - a scroll of amnesia {unknown}
 l - a scroll of random uselessness {unknown}
 m - 2 scrolls of fear {unknown}
 t - a scroll of noise {unknown}
 v - 2 scrolls of teleportation {unknown}
 w - a scroll of enchant armour {unknown}
 y - a scroll of remove curse {unknown}
 C - a scroll of magic mapping {unknown}
 D - a scroll of fog {unknown}
Potions
 d - 3 potions of might
 h - a potion of magic {unknown}
 k - a potion of lignification
 o - a potion of curing {unknown}
 u - a potion of mutation {unknown}
 x - 3 potions of cancellation {unknown}
Comestibles
 f - 10 rations
 B - a chunk of flesh


   Skills:
 * Level 4.1 Fighting
 * Level 4.4 Axes
 + Level 4.1 Armour
 + Level 4.2 Shields


You had 4 spell levels left.
You didn't know any spells.
Your spell library was empty.

Dungeon Overview and Level Annotations

Branches:
Dungeon (4/15)             Temple (1/1) D:4

Altars:
Ashenzari
Cheibriados
Dithmenos
Elyvilon
Gozag
Hepliaklqana
Kikubaaqudgha
Makhleb
Nemelex Xobeh
Ru
Sif Muna
Uskayaw
Vehumet
Wu Jian
Xom
Yredelemnul
Zin
The Shining One


Innate Abilities, Weirdness & Mutations

You are resistant to damage.
You can heal yourself by infusing magical energy.
You passively map a small area around you.
You do not regenerate.


Message History

The worker ant bites you but does no damage.
You don't know any spells.
There are monsters nearby!
Unknown command.
Evoke which item? (* to show all) (? for menu, Esc to quit)
Aiming: Iceblast
Press: ? - help, Shift-Dir - straight line, p - ogre
Okay, then.
Evoke which item? (* to show all) (? for menu, Esc to quit)
Aiming: Iceblast
Press: ? - help, Shift-Dir - straight line, p - ogre The mass of ice explodes!
The iceblast engulfs the worker ant.
You kill the worker ant!
Makhleb accepts your kill.
The iceblast engulfs the ogre.
The ogre is severely wounded.
You hit the ogre but do no damage.
The ogre is severely wounded.
The ogre hits you with a giant club!!
You die...

..#####........#....#...
..#####........#....#...
, *
.....##........#....#...
#.##...#.......#....#...
#.####...#######....####
#.## ##..# #....# #..#
#..# #....# ##.# #..#
#....# #.# #..# #@...#
#.## #..# #O...# #.<#
#.## #....# ##.#*..#
#..#### ###.##.## * #.##
.##.#..# .. , ......# *
... , **
..P.P.#####,.... ,*
...>............


You could see an ogre.

Vanquished Creatures
  An ogre (D:4)
  A centaur skeleton (D:4)
  A worker ant (D:4)
  3 adders (D:2)
  A gnoll (D:1)
  3 dart slugs
  4 leopard geckos
  2 orcs (D:3)
  A ball python (D:3)
  3 giant cockroaches
  5 goblins
  7 hobgoblins
  7 jackals
  11 kobolds
  4 quokkas
  6 bats
  5 frilled lizards
  21 rats
86 creatures vanquished.

Notes
Turn   | Place    | Note
-------+----------+-------------------------------------------
     0 | D:1      | suicidejoker the Deep Dwarf Fighter began the quest for the
                  | Orb.
     0 | D:1      | Reached XP level 1. HP: 20/20 MP: 1/1
   182 | D:1      | Reached XP level 2. HP: 25/27 MP: 2/2
   339 | D:1      | Reached XP level 3. HP: 27/34 MP: 3/3
  1187 | D:2      | Reached XP level 4. HP: 21/42 MP: 4/4
  2480 | D:3      | Found an ancient bone altar of Kikubaaqudgha.
  2480 | D:3      | Found a white marble altar of Elyvilon.
  2758 | D:4      | Found a staircase to the Ecumenical Temple.
  2771 | Temple   | Entered the Ecumenical Temple
  2945 | Temple   | Became a worshipper of Makhleb the Destroyer
  2976 | D:4      | Reached XP level 5. HP: 18/50 MP: 5/5
  3034 | D:4      | Noticed an ogre
  3036 | D:4      | Killed an ogre
  3110 | D:4      | Noticed an ogre
  3119 | D:4      | Slain by an ogre

Skill      XL: |  1  2  3  4  5 |
---------------+----------------+-----
Fighting       | 3 4 |  4.1
Axes           | 3 4 |  4.4
Armour         | 4 |  4.1
Shields        | 4 |  4.2

Action                   |  1- 3 |  4- 6 || total
-------------------------+-------+-------++-------
Melee: War axe           |   121 |   139 ||   260
       Unarmed           |       |    14 ||    14
Evoke: Wand              |       |     4 ||     4
  Use: Scroll            |       |     3 ||     3
       Potion            |       |     3 ||     3
  Eat: Chunk             |       |     8 ||     8
Armor: Scale mail        |    55 |    59 ||   114
       Skin              |       |     4 ||     4
Dodge: Dodged            |    56 |    35 ||    91
Block: Shield            |    72 |    79 ||   151
